 Dungeon Crawl Stone Soup version 0.28.0-49-g6dfe1f597d (webtiles) character file.

Game seed: 4738505881197404497

829 Zeld the Ogre Mage (level 7, -1/106 HPs)
             Began as an Ogre Transmuter on May 19, 2022.
             Succumbed to a water moccasin's poison
             ... on level 5 of the Dungeon.
             The game lasted 00:05:29 (6564 turns).

Zeld the Ogre Mage (Ogre Transmuter)                Turns: 6564, Time: 00:05:30

Health: -1/106     AC: 23    Str: 17    XL:     7   Next: 97%
Magic:  9/15       EV:  1    Int: 14    God:
Gold:   234        SH:  0    Dex:  9    Spells: 7/17 levels left

rFire   . . .      SeeInvis .     - Unarmed
rCold   . . .      Faith    .   (no shield)
rNeg    . . .      Spirit   .   (armour currently unavailable)
rPois   +          Reflect  .   (helmet currently unavailable)
rElec   .          Harm     .   (cloak currently unavailable)
rCorr   .          Rampage  .   (gloves unavailable)
Will    .....      NoTele   +   (boots unavailable)
Stlth   +.........              (no amulet)
HPRegen 0.27/turn               (no ring)
MPRegen 0.14/turn               (no ring)

@: lethally poisoned (-1 -> -26), tree-form, very slightly contaminated
A: stationary, stasis, torment immunity, boosted hp, large, unfitting armour,
(tough skin 1)
a: no special abilities


You were on level 5 of the Dungeon.
You were a tree.
You visited 1 branch of the dungeon, and saw 5 of its levels.

You collected 234 gold pieces.

Inventory:

Armour
 a - a +0 robe (melded)
 m - a +0 cloak (melded)
Wands
 l - a wand of polymorph (13)
Scrolls
 b - a scroll of immolation {unknown}
 d - 2 scrolls of noise {unknown}
 f - a scroll of enchant weapon {unknown}
 g - a scroll of magic mapping {unknown}
 h - a scroll of enchant armour {unknown}
 i - 2 scrolls of identify {unknown}
 k - 2 scrolls of teleportation {unknown}
Potions
 c - a potion of ambrosia {unknown}
 e - a potion of lignification
 j - 2 potions of cancellation {unknown}
 n - a potion of resistance
 o - a potion of attraction {unknown}
 p - a potion of brilliance {unknown}


   Skills:
 + Level 4.6 Fighting
 - Level 1.7 Dodging
 - Level 2.6 Unarmed Combat
 * Level 5.9 Spellcasting
 * Level 4.8 Transmutations
 - Level 2.0 Ice Magic
 - Level 2.0 Poison Magic


You had 7 spell levels left.
You knew the following spells:

 Your Spells              Type           Power      Damage    Failure   Level
a - Beastly Appendage     Tmut           34%        N/A       2%          1
b - Wereblood             Tmut           17%        N/A       3%          2
c - Spider Form           Tmut/Pois      13%        N/A       12%         3
d - Ice Form              Ice/Tmut       13%        N/A       36%         4

Your spell library contained the following spells:

 Spells                   Type           Power      Damage    Failure   Level
 Conjure Ball Lightning   Conj/Air       2%         3x3d6     100%        6
 Discord                  Hex            2%         N/A       100%        8
 Disjunction              Tloc           2%         N/A       100%        8


Dungeon Overview and Level Annotations

Branches:
Dungeon (5/15)
 Temple: D:4-7

Altars:
Gozag

Annotations:
D:5 3 runed translucent doors, GigaChad's ghost, novice MiFi


Innate Abilities, Weirdness & Mutations

You are a tree.
Your roots penetrate the ground, keeping you stationary.
You cannot be teleported.
You are immune to unholy pain and torment.
Your maximum health is greatly increased.
Your equipment is partially melded.
You are too large for most types of armour.
((You have tough skin. (AC +1)))


Message History

You are poisoned.
The water moccasin poisons you!
You barely miss the water moccasin.
The water moccasin is lightly wounded.
You feel extremely sick. The water moccasin barely misses you.
The water moccasin completely misses you.
You hit the water moccasin.
The water moccasin is moderately wounded.
You feel very sick. The water moccasin bites you!
You hit the water moccasin.
The water moccasin is heavily wounded.
You feel very sick. The water moccasin bites you.
You are lethally poisoned!
The water moccasin poisons you!
You bite the water moccasin!
The water moccasin is severely wounded.
You feel extremely sick. The water moccasin bites you!
* * * LOW HITPOINT WARNING * * *
The water moccasin bites you!
* * * LOW HITPOINT WARNING * * *
Casting: Spider Form (dangerous; 28% risk of failure)
Confirm with . or Enter, or press ? or * to list all spells.
The spell is quite dangerous to miscast (58% risk of failure)!
Continue anyway?
You miscast Ice Form.
You are very lightly contaminated with residual magic.
Nothing appears to happen.
* * * LOW HITPOINT WARNING * * *
You feel extremely sick. The water moccasin bites you.
* * * LOW HITPOINT WARNING * * *
It was a potion of lignification.
Your transformation has ended.
Your +0 cloak unmelds from your body.
Your +0 robe unmelds from your body.
You turn into a tree.
Your +0 cloak melds into your body.
Your +0 robe melds into your body.
Your roots penetrate the ground.
You die...

#.###.#
#..##.#############.#
#.......#............
#..#....#....######.#
#....##.#.##.....#
#†#..#..#..#.....#
#.#..............#
#.#####.#.####...#
#.........♣S.#####
####.#..#.#..#
#.##.#..#.# #....#..
## ###..####
########.# #
#......#.# #
#.####.#.# #
#.####.#.#


You could see a water moccasin (poisoned).

Vanquished Creatures
  Menkaure (D:4)
  Duvessa (D:4)
  A black bear (D:5)
  An ogre (D:4)
  A scorpion (D:4)
  Dowan (D:4)
  A hound (D:5)
  Crazy Yiuf (D:3)
  Natasha (thrice) (D:3)
  A hound skeleton (D:4)
  Robin (D:3)
  6 adders
  3 worms
  2 dart slugs
  2 orcs (D:3)
  5 endoplasms
  6 giant cockroaches
  9 hobgoblins
  6 jackals
  13 kobolds
  5 quokkas
  10 ball pythons
  4 bats
  2 frilled lizards (D:3)
  14 goblins
  7 rats
107 creatures vanquished.

Vanquished Creatures (others)
  23 plants (D:3)
23 creatures vanquished.

Grand Total: 130 creatures vanquished

Notes
Turn   | Place    | Note
-------+----------+-------------------------------------------
     0 | D:1      | Zeld the Ogre Transmuter began the quest for the Orb.
     0 | D:1      | Reached XP level 1. HP: 19/19 MP: 3/3
   299 | D:1      | Reached XP level 2. HP: 27/27 MP: 3/5
   313 | D:1      | Learned a level 2 spell: Wereblood
   915 | D:1      | Reached XP level 3. HP: 25/35 MP: 7/7
  1026 | D:1      | Learned a level 3 spell: Spider Form
  1040 | D:1      | Reached skill level 3 in Spellcasting
  1737 | D:2      | Reached XP level 4. HP: 41/42 MP: 4/8
  2308 | D:3      | Reached skill level 1 in Ice Magic
  2325 | D:3      | Found a faded altar of an unknown god.
  2345 | D:3      | Noticed Robin
  2387 | D:3      | Reached skill level 1 in Poison Magic
  2392 | D:3      | Killed Robin
  2460 | D:3      | Reached XP level 5. HP: 31/50 MP: 6/10
  3074 | D:3      | Noticed Natasha
  3093 | D:3      | Killed Natasha
  3369 | D:3      | Learned a level 4 spell: Ice Form
  3434 | D:3      | Found a runed translucent door.
  3435 | D:3      | Noticed Crazy Yiuf
  3446 | D:3      | Killed Crazy Yiuf
  3670 | D:3      | Noticed Natasha
  3679 | D:3      | Killed Natasha
  3680 | D:3      | Reached skill level 4 in Spellcasting
  3680 | D:3      | Reached XP level 6. HP: 54/61 MP: 7/12
  3907 | D:3      | Found a faded altar of an unknown god.
  4143 | D:3      | Noticed Natasha
  4150 | D:3      | Killed Natasha
  4579 | D:4      | Noticed Menkaure
  4987 | D:4      | Noticed Dowan
  4988 | D:4      | Noticed Duvessa
  5152 | D:4      | Killed Menkaure
  5153 | D:4      | Reached XP level 7. HP: 41/67 MP: 9/14
  5856 | D:4      | Reached skill level 5 in Spellcasting
  6084 | D:4      | Killed Duvessa
  6116 | D:4      | Killed Dowan
  6224 | D:5      | Entered Level 5 of the Dungeon
  6439 | D:5      | Found a runed translucent gate.
  6440 | D:5      | Found a runed translucent gate.
  6440 | D:5      | Found a runed translucent gate.
  6441 | D:5      | Found an opulent altar of Gozag.
  6442 | D:5      | Noticed GigaChad's ghost (novice MiFi)
  6442 | D:5      | Noticed a yak
  6442 | D:5      | Noticed a wraith
  6563 | D:5      | HP: 3/71 [water moccasin (1)]
  6564 | D:5      | Succumbed to a water moccasin's poison

Illustrated notes

Levels and vault maps discovered:
D:1:      ebering_trefoil_3fold, layout_loops_ring
D:2:      layout_basic
D:3:      layout_basic, dreamdust_ecumenical_altar_statues,
          cheibrodos_sewer_entry_bend, lexackson_kobold_supper, uniq_robin,
          uniq_natasha, uniq_crazy_yiuf_cottage
D:4:      layout_loops_ring, uniq_menkaure, uniq_duvessa
D:5:      layout_basic, ebering_ghost_gozag, hangedman_abyss_or_decor_passed

Skill      XL: |  1  2  3  4  5  6  7 |
---------------+----------------------+-----
Transmutations | 2 3 4 |  4.8
Spellcasting   | 3 4 5 |  5.9
Fighting       | 2 3 4 |  4.6
Ice Magic      | 1 2 |  2.0
Poison Magic   | 1 2 |  2.0
Dodging        | |  1.7
Unarmed Combat | |  2.6

Action                   |  1- 3 |  4- 6 |  7- 9 || total
-------------------------+-------+-------+-------++-------
Melee: Unarmed           |   105 |   170 |    53 ||   328
       Kick              |    23 |     9 |     8 ||    40
       Headbutt          |     9 |    10 |     2 ||    21
       Punch             |       |     1 |       ||     1
 Cast: Beastly Appendage |    22 |    19 |     5 ||    46
       Spider Form       |     1 |     9 |     9 ||    19
       Ice Form          |       |     1 |       ||     1
 Abil: End Transformatio |     1 |       |       ||     1
  Use: Potion            |       |       |     1 ||     1
 Stab: Sleeping          |       |     2 |       ||     2
Armor: Robe              |    27 |    35 |     5 ||    67
       Skin              |       |     9 |     7 ||    16
Dodge: Dodged            |    33 |    84 |    39 ||   156
